 Dungeon Crawl Stone Soup version 0.30-a0-715-gdb4ae3ece1 (webtiles) character file.

Game seed: 15228777774166773532

139 ragingrage the Slasher (level 5, 0/38 HPs)
             Began as a Demonspawn Warper on Jan 23, 2023.
             Slain by a scorpion (7 damage)
             ... on level 5 of the Dungeon.
             The game lasted 00:03:58 (3287 turns).

ragingrage the Slasher (Demonspawn Warper)          Turns: 3287, Time: 00:03:59

Health: 0/38       AC:  3    Str: 18    XL:     5   Next: 1%
Magic:  8/8        EV: 12    Int: 14    God:
Gold:   160        SH:  0    Dex: 14    Spells: 6/8 levels left

rFire   . . .      SeeInvis .    a - +0 long sword
rCold   . . .      Faith    .    (no shield)
rNeg    . . .      Spirit   .    m - +0 leather armour
rPois   .          Reflect  .    (helmet restricted)
rElec   .          Harm     .    (no cloak)
rCorr   .          Rampage  .    (no gloves)
Will    +....                    (no boots)
Stlth   ++                       n - amulet of regeneration
HPRegen 1.06/turn                p - ring of willpower
MPRegen 0.22/turn                r - +6 ring of strength

@: lethally poisoned (0 -> -2)
A: antennae 2, magic regeneration
a: no special abilities


You were on level 5 of the Dungeon.
You visited 1 branch of the dungeon, and saw 5 of its levels.

You collected 160 gold pieces.

Inventory:

Hand Weapons
 a - a +0 long sword (weapon)
 b - a +0 dagger
Missiles
 d - 7 boomerangs of dispersal
 h - 5 boomerangs (quivered)
Armour
 i - a +1 kite shield of positive energy
 m - a +0 leather armour (worn)
Jewellery
 n - an amulet of regeneration (around neck)
 p - a ring of willpower (left hand)
 r - a +6 ring of strength (right hand)
Scrolls
 c - a scroll of blinking
 g - a scroll of enchant armour {unknown}
 j - 3 scrolls of identify {unknown}
 l - 2 scrolls of teleportation {unknown}
Potions
 e - a potion of invisibility {unknown}
 f - 2 potions of curing
 k - a potion of flight {unknown}
 o - a potion of cancellation {unknown}
 q - a potion of mutation {unknown}


   Skills:
 - Level 2.0 Fighting
 + Level 4.3 Long Blades
 - Level 0.8 Throwing
 - Level 0.8 Armour
 - Level 1.7 Dodging
 + Level 1.8 Stealth
 - Level 2.0 Spellcasting
 - Level 2.6 Translocations


You had 6 spell levels left.
You knew the following spells:

 Your Spells              Type           Power      Damage    Failure   Level
a - Blink                 Tloc           16%        N/A       14%         2

Your spell library contained the following spells:

 Spells                   Type           Power      Damage    Failure   Level
 Lesser Beckoning         Tloc           16%        N/A       14%         2
 Sting                    Tmut/Pois      4%         1d3       28%         1
 Teleport Other           Tloc           8%         N/A       28%         3
 Cigotuvi's Dreadful Rot  Necr/Pois/Air  2%         N/A       38%         2
 Poisonous Vapours        Pois/Air       2%         N/A       38%         2
 Vhi's Electric Charge    Tloc/Air       10%        N/A       43%         3
 Manifold Assault         Tloc           8%         N/A       67%         4
 Dispel Undead            Necr           1%         3d6       95%         4
 Olgreb's Toxic Radiance  Pois           1%         N/A       95%         4
 Death Channel            Necr           0%         N/A       100%        6


Dungeon Overview and Level Annotations

Branches:
Dungeon (5/15)
 Temple: D:4-7

Altars:
Hepliaklqana
Kikubaaqudgha
Sif Muna
Vehumet
Wu Jian
Xom

Annotations:
D:4 Menkaure


Innate Abilities, Weirdness & Mutations

You have a pair of antennae on your head.
You regenerate magic rapidly.


Message History

The scorpion is heavily wounded.
The scorpion stings you.
You are poisoned.
The scorpion poisons you!
You closely miss the scorpion.
The scorpion is heavily wounded.
You feel sick. The scorpion misses you.
You slash the scorpion!
The scorpion is almost dead.
You feel sick.
The scorpion stings you but does no damage.
The scorpion stings you!
You closely miss the scorpion.
The scorpion is almost dead.
You feel sick. The scorpion stings you.
You closely miss the scorpion.
The scorpion is almost dead.
You feel sick. The scorpion stings you. x2
You closely miss the scorpion.
The scorpion is almost dead.
You feel sick. The scorpion misses you.
You barely miss the scorpion.
The scorpion is almost dead.
You feel sick.
You are no longer poisoned.
The scorpion completely misses you. The scorpion stings you.
You barely miss the scorpion.
The scorpion is almost dead.
The scorpion stings you.
You are poisoned.
The scorpion poisons you!
You hit the scorpion but do no damage.
The scorpion is severely wounded.
You feel very sick. The scorpion closely misses you. The scorpion stings you.
* * * LOW HITPOINT WARNING * * *
You hit the scorpion but do no damage.
The scorpion is severely wounded.
You feel sick. The scorpion stings you!
You die...

# #. .#
#..#######..#
#...........#.
#....<@s....<.
##########..#.


You could see a scorpion.

Vanquished Creatures
  3 gnolls
  3 adders (D:2)
  3 dart slugs
  An orc (D:4)
  5 bats
  8 endoplasms
  2 giant cockroaches
  9 hobgoblins
  10 kobolds
  6 quokkas
  8 ball pythons
  7 goblins
  5 rats
70 creatures vanquished.

Notes
Turn   | Place    | Note
-------+----------+-------------------------------------------
     0 | D:1      | ragingrage the Demonspawn Warper began the quest for the
                  | Orb.
     0 | D:1      | Reached XP level 1. HP: 16/16 MP: 3/3
   115 | D:1      | Reached skill level 2 in Long Blades
   257 | D:1      | Found a faded altar of an unknown god.
   278 | D:1      | Gained mutation: You have a pair of small antennae on your
                  | head. [demonic ancestry]
   278 | D:1      | Reached XP level 2. HP: 22/22 MP: 5/5
   991 | D:1      | Reached skill level 3 in Long Blades
  1394 | D:2      | Gained mutation: You have a pair of antennae on your head.
                  | [demonic ancestry]
  1394 | D:2      | Reached XP level 3. HP: 27/27 MP: 6/6
  1536 | D:2      | Found a shimmering blue altar of Sif Muna.
  1606 | D:2      | Learned a level 2 spell: Blink
  1623 | D:2      | Reached XP level 4. HP: 33/33 MP: 7/7
  1680 | D:2      | Reached skill level 4 in Long Blades
  2110 | D:2      | Reached skill level 1 in Stealth
  2548 | D:3      | Found a hazy altar of Hepliaklqana.
  2698 | D:3      | Found an ornate altar of the Wu Jian Council.
  2708 | D:3      | Found an ancient bone altar of Kikubaaqudgha.
  2708 | D:3      | Found a radiant altar of Vehumet.
  3174 | D:4      | Found a shimmering altar of Xom.
  3199 | D:4      | Noticed Menkaure
  3201 | D:4      | Gained mutation: You regenerate magic rapidly. [demonic
                  | ancestry]
  3201 | D:4      | Reached XP level 5. HP: 34/38 MP: 8/8
  3272 | D:5      | Entered Level 5 of the Dungeon
  3287 | D:5      | Slain by a scorpion

Illustrated notes

Levels and vault maps discovered:
D:1:      dpeg_arrival_brainrot, layout_basic,
          hellmonk_ecumenical_altar_inner_sanctum
D:2:      layout_basic, basic_altar
D:3:      layout_rooms, mainiacjoe_overflow_catwalk, jmf_multi_god_temple,
          lemuel_doored_altar, serial_co_window_serial,
          co_window_of_opportunity_a, co_window_paths_a, co_window_paths_a,
          co_window_corner_a, co_window_paths_a, co_window_of_opportunity_a,
          co_window_paths_a, co_window_2corner, co_window_of_opportunity_b,
          co_window_2corner, co_window_paths_c, co_window_broadway_b,
          glass_columns_a, serial_park_tiny_pond
D:4:      layout_cave_pods, xom_teletrap_fun, minmay_goblin_kobold_house,
          uniq_grinder, uniq_natasha, uniq_menkaure
D:5:      layout_loops_ring, old_standard_altar,
          mainiacjoe_overflow_small_starburst, minmay_temple_entry_sparse_star

Skill      XL: |  1  2  3  4 |
---------------+-------------+-----
Long Blades    | 2 3 4 |  4.3
Stealth        | 1 |  1.8
Fighting       | |  2.0
Throwing       | |  0.8
Armour         | |  0.8
Dodging        | |  1.7
Spellcasting   | |  2.0
Translocations | |  2.6

Action                     |  1- 3 |  4- 6 || total
---------------------------+-------+-------++-------
  Melee: Falchion          |    45 |       ||    45
         Long sword        |    51 |   153 ||   204
         Punch             |       |     1 ||     1
  Throw: Boomerang         |       |     2 ||     2
    Use: Potion            |       |     2 ||     2
   Stab: Sleeping          |     1 |       ||     1
 Armour: Leather armour    |    28 |    49 ||    77
  Dodge: Dodged            |    58 |   106 ||   164

Table legend: (Time is in decaauts)
 A = Elapsed time spent in this place.
 B = Non-inter-level travel time spent in this place.
 C = Inter-level travel time spent in this place.
 D = Time resting spent in this place.
 E = Time spent auto-exploring this place.
 F = Levels seen in this place.
 G = Mean time per level.
                   A        B        C        D        E       F      G
               +--------+--------+--------+--------+--------+-----+--------+
         Total |   3338 |   3182 |    156 |    411 |   1922 |   5 |  667.6 |
       Dungeon |   3338 |   3182 |    156 |    411 |   1922 |   5 |  667.6 |
               +--------+--------+--------+--------+--------+-----+--------+

Top non-repeatable levels by time:
     D:1: 1438 daAuts
     D:3: 900 daAuts
     D:2: 838 daAuts
     D:4: 144 daAuts
     D:5: 17 daAuts
